 Dungeon Crawl Stone Soup version 0.21.0-3-g78d12a8 (console) character file.

8134 removed the Basher (level 11, -12/72 HPs)
             Began as a Halfling Fire Elementalist on Jan 9, 2018.
             Was a High Priest of Okawaru.
             Mangled by a centaur warrior (13 damage)
             ... while paralysed by a centaur
             ... on level 11 of the Dungeon.
             The game lasted 00:36:46 (16846 turns).

removed the Basher (Halfling Fire Elementalist)    Turns: 16846, Time: 00:36:47

Health: -12/72     AC:  6    Str: 13    XL:     11   Next: 50%
Magic:  0/14       EV:  3    Int: 10    God:    Okawaru [*****.]
Gold:   651        SH:  0    Dex: 23    Spells: 9/13 levels left

rFire    . . .     SeeInvis +   a - +2 whip (venom)
rCold    + . .     Gourm    .   (shield restricted)
rNeg     . . .     Faith    .   m - +1 robe of the Endless Expanse {rC+ rCorr Int-3 SInv}
rPois    .         Spirit   +   (no helmet)
rElec    .         Reflect  .   Z - scarf {Spirit}
rCorr    +         Harm     .   r - +0 pair of gloves
MR       .....                  U - +1 pair of boots
Stlth    +++++.....             N - amulet of rage
HPRegen  0.22/turn              T - +3 ring of strength
MPRegen  0.14/turn              E - ring of see invisible

@: paralysed, agile, heroism
A: small, mutation resistance 1
a: Heroism, Finesse, Renounce Religion, Evoke Berserk Rage


You were on level 11 of the Dungeon.
You worshipped Okawaru.
Okawaru was extremely pleased with you.
You were not hungry.

You visited 2 branches of the dungeon, and saw 12 of its levels.
You also visited: Ossuary.

You collected 651 gold pieces.

Inventory:

Hand Weapons
 a - a +2 whip of venom (weapon)
 g - a +0 blowgun
 W - a +0 dagger of draining
Missiles
 h - 17 stones (quivered)
 S - 10 poisoned needles
 Y - 6 curare-tipped needles
Armour
 i - a +2 robe of magic resistance
 m - the +1 robe of the Endless Expanse (worn) {rC+ rCorr Int-3 SInv}
   (Okawaru gifted it to you on level 10 of the Dungeon)

   It affects your intelligence (-3).
   It protects you from cold.
   It lets you see invisible.
   It protects you from acid and corrosion.
 r - a +0 pair of gloves (worn)
 U - a +1 pair of boots (worn)
 Z - a scarf of spirit shield (worn)
Jewellery
 f - an uncursed amulet of guardian spirit
 E - a ring of see invisible (right hand)
 N - an amulet of rage (around neck)
 T - a +3 ring of strength (left hand)
Wands
 q - a wand of paralysis (45)
 v - a wand of polymorph (22)
 B - a wand of iceblast (3)
 J - a wand of flame (4)
Scrolls
 d - a scroll of magic mapping
 k - a scroll of silence {unknown}
 l - a scroll of torment {unknown}
 s - 2 scrolls of fear
 t - 3 scrolls of enchant weapon
 u - a scroll of random uselessness {unknown}
 y - 2 scrolls of remove curse
 z - a scroll of noise {unknown}
 C - a scroll of blinking {unknown}
 D - 3 scrolls of teleportation
 L - a scroll of fog {unknown}
 Q - 4 scrolls of enchant armour
 X - a scroll of amnesia {unknown}
Potions
 e - 3 potions of agility
 j - 6 potions of curing
 o - 4 potions of heal wounds
 p - a potion of might
 w - a potion of resistance
 A - a potion of ambrosia
 F - 3 potions of mutation
 G - a potion of degeneration {unknown}
 I - 2 potions of haste
 M - a potion of flight {unknown}
 R - a potion of cancellation {unknown}
 V - 2 potions of brilliance
Miscellaneous
 n - a phial of floods
Comestibles
 c - 15 rations
 H - 5 chunks of flesh


   Skills:
 - Level 6.3(11.3) Fighting
 + Level 11.5(16.5) Maces & Flails
 - Level 9.0(14.0) Dodging
 - Level 2.1(7.1) Stealth
 - Level 1.5 Spellcasting
 - Level 0.7 Conjurations
 - Level 3.0 Fire Magic
 - Level 4.6 Invocations


You had 9 spell levels left.
You knew the following spells:

 Your Spells              Type           Power        Failure   Level  Hunger
a - Flame Tongue          Conj/Fire      #....        16%         1    ##.....
b - Conjure Flame         Conj/Fire      #.......     41%         3    ####...


Dungeon Overview and Level Annotations

Branches:
Dungeon (11/15)            Temple (1/1) D:4
   Lair: D:8-11         Orc: D:9-12

Altars:
Cheibriados
Dithmenos
Elyvilon
Fedhas
Gozag
Hepliaklqana
Kikubaaqudgha
Makhleb
Nemelex Xobeh
Okawaru
Qazlal
Ru
Uskayaw
Vehumet
Wu Jian
Yredelemnul
Zin
The Shining One

Shops:
D:8 ?   D:10 *

Annotations:
D:3 Inarius's ghost, amateur DrIE


Innate Abilities, Weirdness & Mutations

You are small and have problems with some larger weapons.
You are somewhat resistant to further mutation.


Message History

The centaur closely misses you. The white imp completely misses you.
The centaur warrior hits you but does no damage.
The centaur hits you.
* * * LOW HITPOINT WARNING * * *
Unknown command.
You fail to use your ability.
The centaur completely misses you. The centaur warrior barely misses you.
The centaur zaps a wand.
You suddenly lose the ability to move!
The centaur hits you but does no damage.
The white imp gestures at you.
Helpless, you fail to dodge the puff of frost.
You resist.
* * * LOW HITPOINT WARNING * * *
The centaur warrior hits you!
* * * LOW HITPOINT WARNING * * *
The centaur zaps a wand.
You easily resist.
The centaur hits you but does no damage.
The white imp hits you but does no damage.
The centaur warrior hits you!
You die...

### ..# #
###########.#.#
............#.#####
.5................
.......%..# .#
.##.#####c#####.
#....5@cc.#..
#.#####c#.#.# #
#.....#.#.# #####
#.#.###.....##### #....
#>.........c....###.###
#...................#
#.#.....########.####
+....## #.:# #....#
#####[##


You could see a centaur warrior, 3 centaurs and a white imp.

Vanquished Creatures
  An unseen horror (D:10)
  A cyclops (D:9)
  Joseph (D:7)
  A gargoyle (D:10)
  Grinder (D:6)
  A hornet (D:8)
  4 hippogriffs
  A hungry ghost (D:10)
  A steam dragon (D:4)
  2 soldier ants (D:8)
  4 sky beasts
  A phantom (D:6)
  3 ice beasts
  2 orc warriors
  A black bear (D:7)
  6 ogres
  3 centaurs
  4 big kobolds
  6 bullfrogs
  3 water moccasin zombies (Ossuary)
  2 scorpions
  8 killer bees
  A howler monkey (D:6)
  7 wights
  9 crimson imps
  4 jellies
  A wyvern simulacrum (D:11)
  6 hounds
  A bullfrog zombie (D:6)
  3 orc priests
  A centaur skeleton (D:6)
  Ijyb (D:3)
  11 worker ants
  2 iguanas
  9 orc wizards
  A big kobold zombie (Ossuary)
  3 hound skeletons
  2 mummies (Ossuary)
  A howler monkey zombie (D:8)
  10 adders
  4 shadow imps
  5 adder zombies
  5 adder skeletons
  2 worms
  3 dart slugs
  9 leopard geckos
  27 orcs
  6 giant cockroaches
  5 goblins
  5 hobgoblins
  3 jackals (D:10)
  4 quokkas
  3 ball pythons
  8 bats
  2 frilled lizards
  A gnoll zombie (Ossuary)
  5 hobgoblin zombies (Ossuary)
  25 kobolds
  4 kobold zombies (Ossuary)
  2 leopard gecko zombies (D:5)
  5 orc zombies (Ossuary)
  A quokka skeleton (D:4)
  A quokka zombie (D:5)
  8 rats
273 creatures vanquished.

Vanquished Creatures (others)
  A big kobold zombie (Ossuary)
  An adder zombie (Ossuary)
2 creatures vanquished.

Grand Total: 275 creatures vanquished

Notes
Turn   | Place    | Note
-------+----------+-------------------------------------------
     0 | D:1      | removed the Halfling Fire Elementalist began the quest for the Orb.
     0 | D:1      | Reached XP level 1. HP: 11/11 MP: 3/3
   173 | D:1      | Reached skill level 1 in Fighting
   295 | D:1      | Reached XP level 2. HP: 18/18 MP: 2/4
  1004 | D:1      | Reached XP level 3. HP: 23/23 MP: 2/5
  2486 | D:3      | Noticed Inarius's ghost (amateur DrIE)
  2603 | D:3      | Reached skill level 1 in Maces & Flails
  2603 | D:3      | Reached XP level 4. HP: 21/29 MP: 6/6
  3075 | D:3      | Found a white marble altar of Elyvilon.
  3316 | D:2      | Reached skill level 2 in Maces & Flails
  3335 | D:2      | Reached XP level 5. HP: 12/34 MP: 7/7
  3750 | D:4      | Found a staircase to the Ecumenical Temple.
  3753 | D:4      | Reached skill level 3 in Maces & Flails
  3771 | Temple   | Entered the Ecumenical Temple
  3875 | Temple   | Became a worshipper of Warmaster Okawaru
  4055 | D:4      | Reached XP level 6. HP: 31/39 MP: 8/8
  4079 | D:4      | Found a sand-covered staircase.
  4084 | Ossuary  | Entered an ossuary
  4261 | Ossuary  | Reached skill level 4 in Maces & Flails
  4289 | Ossuary  | HP: 1/39 [adder zombie (3)]
  4582 | Ossuary  | Learned a level 3 spell: Conjure Flame
  4955 | Ossuary  | Reached skill level 5 in Maces & Flails
  4955 | Ossuary  | Reached XP level 7. HP: 21/45 MP: 9/9
  5519 | D:4      | Reached * piety under Okawaru
  5922 | D:4      | Noticed a steam dragon
  5922 | D:4      | an ogre changed into a steam dragon
  5927 | D:4      | Killed a steam dragon
  5927 | D:4      | Reached skill level 6 in Maces & Flails
  6174 | D:3      | Noticed Ijyb
  6202 | D:3      | Killed Ijyb
  6601 | D:5      | Entered Level 5 of the Dungeon
  6614 | D:5      | Found a burning altar of Makhleb.
  6614 | D:5      | Found an ancient bone altar of Kikubaaqudgha.
  6825 | D:5      | Reached XP level 8. HP: 13/50 MP: 10/10
  7224 | D:5      | Reached skill level 5 in Dodging
  7398 | D:5      | Noticed Sigmund
  7400 | D:5      | Noticed Sigmund
  7400 | D:5      | Sigmund changed into Sigmund the killer bee
  7409 | D:5      | Killed Sigmund the killer bee
  7645 | D:5      | Reached ** piety under Okawaru
  7999 | D:5      | Reached skill level 7 in Maces & Flails
  8971 | D:6      | Noticed Grinder
  8994 | D:6      | Reached skill level 8 in Maces & Flails
  8994 | D:6      | Reached XP level 9. HP: 48/56 MP: 11/11
  9659 | D:6      | Reached skill level 9 in Maces & Flails
 10326 | D:6      | Paralysed by Grinder for 6 turns
 10333 | D:6      | Killed Grinder
 10333 | D:6      | Reached *** piety under Okawaru
 10994 | D:6      | Reached skill level 1 in Invocations
 11844 | D:7      | Received a gift from Okawaru
 11896 | D:7      | Reached skill level 5 in Fighting
 11896 | D:7      | Reached XP level 10. HP: 46/66 MP: 12/12
 12004 | D:7      | Noticed Joseph
 12048 | D:6      | HP: 1/66 [hippogriff (7)]
 12565 | D:7      | Killed Joseph
 12565 | D:7      | Reached skill level 10 in Maces & Flails
 13022 | D:8      | Reached **** piety under Okawaru
 13095 | D:8      | Found Enaorry's Magic Scroll Shoppe.
 14690 | D:9      | Noticed a cyclops
 14708 | D:9      | Killed a cyclops
 14986 | D:9      | Reached XP level 11. HP: 57/72 MP: 11/14
 15063 | D:9      | Found a glowing silver altar of Zin.
 15453 | D:10     | Entered Level 10 of the Dungeon
 15492 | D:10     | Reached ***** piety under Okawaru
 15815 | D:10     | Noticed an unseen horror
 16120 | D:10     | Killed an unseen horror
 16120 | D:10     | Received a gift from Okawaru
 16120 | D:10     | Reached skill level 11 in Maces & Flails
 16125 | D:10     | Got a colourful robe {god gift}
 16141 | D:10     | Identified the +1 robe of the Endless Expanse {rC+ rCorr Int-3 SInv} (Okawaru gifted it to you on level 10 of the Dungeon)
 16220 | D:10     | Found Zuozomim's General Store.
 16760 | D:11     | Noticed a centaur warrior
 16839 | D:11     | Paralysed by a centaur for 3 turns
 16845 | D:11     | Paralysed by a centaur for 4 turns
 16846 | D:11     | HP: 1/72 [centaur warrior (11)]
 16846 | D:11     | Mangled by a centaur warrior

Skill      XL: |  1  2  3  4  5  6  7  8  9 10 11 |
---------------+----------------------------------+-----
Fighting       | 1 2 3 5 6 |  6.3
Dodging        | 3 4 5 6 9 |  9.0
Maces & Flails | 1 2 3 5 6 8 9 10 11 | 11.5
Invocations    | 1 4 |  4.6
Stealth        | |  2.1
Spellcasting   | |  1.5
Conjurations   | |  0.7
Fire Magic     | |  3.0

Action                   |  1- 3 |  4- 6 |  7- 9 | 10-12 || total
-------------------------+-------+-------+-------+-------++-------
Melee: Unarmed           |     2 |       |       |       ||     2
       Whip              |    18 |   197 |   470 |   565 ||  1250
       Punch             |       |       |       |     3 ||     3
 Cast: Flame Tongue      |    55 |     4 |    19 |       ||    78
       Conjure Flame     |       |     2 |     3 |       ||     5
Invok: Heroism           |       |       |       |     4 ||     4
 Abil: Evoke Berserk Rag |       |       |     5 |     6 ||    11
Evoke: Wand              |       |       |    22 |       ||    22
  Use: Scroll            |       |       |    12 |     6 ||    18
       Potion            |       |       |       |     5 ||     5
 Stab: Sleeping          |     1 |     5 |     4 |     6 ||    16
       Distracted        |       |       |     1 |     1 ||     2
  Eat: Chunk             |     6 |     4 |    19 |    17 ||    46
       Ration            |       |     1 |     3 |     2 ||     6
Armor: Robe              |     5 |    16 |    12 |    52 ||    85
       Skin              |       |       |       |    23 ||    23
Dodge: Dodged            |    34 |   118 |   263 |   360 ||   775
